 Dungeon Crawl Stone Soup version 0.30-a0-778-g2ef04afb54 (webtiles) character file.

Game seed: 4043860899809404175

4 Esekla the Sneak (level 1, -3/16 HPs)
             Began as an Octopode Delver on Feb 16, 2023.
             Slain by a phantom (6 damage)
             ... on level 5 of the Dungeon.
             The game lasted 00:03:33 (275 turns).

Esekla the Sneak (Octopode Delver)                   Turns: 275, Time: 00:03:34

Health: -3/16      AC:  1    Str: 11    XL:     1   Next: 60%
Magic:  1/1        EV: 13    Int: 12    God:
Gold:   33         SH:  0    Dex: 13    Spells: 0/0 levels left

rFire   . . .      SeeInvis .    a - +0 falchion
rCold   . . .      Faith    .    (no shield)
rNeg    . . .      Spirit   .    (helmet restricted)
rPois   .          Reflect  .    (no amulet)
rElec   .          Harm     .    (no ring)
rCorr   .          Rampage  .    (no ring)
Will    .....                    (no ring)
Stlth   ++++                     (no ring)
HPRegen 0.22/turn                (no ring)
MPRegen 0.07/turn                (no ring)
                                 (no ring)
                                 (no ring)

@: hasted, very quick
A: almost no armour, amphibious, 8 rings, camouflage 1, gelatinous body 1,
(nimble swimmer 1), tentacles
a: no special abilities


You were on level 5 of the Dungeon.
You visited 1 branch of the dungeon, and saw 1 of its levels.

You collected 33 gold pieces.

Inventory:

Hand Weapons
 a - a +0 falchion (weapon)
 c - a +0 trident
Wands
 f - a wand of digging (3)
Scrolls
 b - a scroll of fog
Potions
 d - a potion of curing {unknown}


   Skills:
 * Level 3.0 Fighting
 * Level 2.0 Long Blades
 * Level 2.0 Dodging
 + Level 6.7 Stealth
 * Level 0.1 Spellcasting


You couldn't memorise any spells.
You didn't know any spells.
Your spell library was empty.

Dungeon Overview and Level Annotations

Branches:
Dungeon (5/15)             Temple (0/1) D:5

Altars:
Uskayaw
Vehumet

Annotations:
D:5 Ijyb, Sigmund


Innate Abilities, Weirdness & Mutations

You cannot wear most types of armour.
You are amphibious.
You can wear up to eight rings at the same time.
Your skin changes colour to match your surroundings (Stealth+).
Your rubbery body absorbs attacks. (AC +1, EV +1)
((You are camouflaged when in or above water. (Stealth+)))
You have tentacles for arms and can constrict up to eight enemies at once.


Message History

You see here 6 gold pieces.
You now have 20 gold pieces (gained 6).
The orc closely misses you.
You hit the orc.
You kill the orc!
You see here a +0 trident.
c - a +0 trident An iguana comes into view.
There is a radiant altar of Vehumet here.
Found a metallic dark potion.
d - a metallic dark potion
Found a glowing trident.
An ogre comes into view. It is wielding a +0 giant spiked club.
The orc closely misses you.
You barely miss the orc. You grab the orc. You constrict the orc.
The orc misses you.
You hit the orc. You squeeze the orc.
The orc is severely wounded.
You constrict the orc.
You kill the orc!
You now have 33 gold pieces (gained 13).
Things that are here:
a +0 whip; a +0 leather armour Sigmund the Dreaded comes into view.
He is wielding a +2 scythe of protection.
A necrophage comes into view.
The orc shouts!
You hear a shout!
Found a centaur corpse.
Found a hide-covered altar of Uskayaw.
Found a hound corpse and a +0 club.
Ijyb the Twisted Goblin comes into view.
She is wielding a +0 club and carrying a wand of mindburst (17).
Found an iguana corpse and a black bear corpse.
Ijyb shouts!
The jelly quivers.
Found a scroll labelled BITWATT JOAVA.
The phantom attacks as you move away! The phantom hits you.
The phantom attacks as you move away! The phantom hits you.
The orc hits you with a +0 dagger.
* * * LOW HITPOINT WARNING * * *
Okay, then.
You feel yourself speed up. The phantom hits you.
You die...

####...†.. #......_..
#.##....†. #.##......
#############.##..sn..
#..?..o.......#####.##
#.##.##.##.##.##.##...
#.#.Wo......#....###..
#....@J.g.....##.###W.
#.#..⌠...⌠..###.#...##
#.#.........##.#.#.##
#......>.......W....#
###.........######..##
###..⌠...⌠..###.......
#.............#.##....
*###.#.........#.#.#...##
*,..###.##.##.##.......#


You could see a phantom, Ijyb, a jelly and an orc.

Vanquished Creatures
  2 orcs (D:5)
2 creatures vanquished.

Notes
Turn   | Place    | Note
-------+----------+-------------------------------------------
     0 | D:5      | Esekla the Octopode Delver began the quest for the Orb.
     0 | D:5      | Reached XP level 1. HP: 16/16 MP: 1/1
    25 | D:5      | Noticed a phantom
    28 | D:5      | Found a staircase to the Ecumenical Temple.
    28 | D:5      | Noticed a jelly
    30 | D:5      | Noticed a scorpion
    31 | D:5      | Noticed a hound
    72 | D:5      | Found a radiant altar of Vehumet.
    92 | D:5      | Noticed an iguana
   136 | D:5      | Noticed an ogre
   213 | D:5      | Noticed Sigmund
   220 | D:5      | Noticed a necrophage
   244 | D:5      | Found a hide-covered altar of Uskayaw.
   246 | D:5      | Noticed Ijyb
   275 | D:5      | Slain by a phantom

Illustrated notes

Levels and vault maps discovered:
D:5:      layout_loops_ring, nicolae_uskayaw_murder_on_the_dancefloor,
          mainiacjoe_overflow_tiny_flanked, nicolae_vehumet_radiance,
          minmay_temple_entry_large_hall, uniq_sigmund, uniq_crazy_yiuf_cottage,
          uniq_ijyb

Action                     || total
---------------------------++-------
  Melee: Falchion          ||     3
         Constrict         ||     1
         Tentacles         ||     1
    Use: Scroll            ||     2
         Potion            ||     1
  Dodge: Dodged            ||     3

Table legend: (Time is in decaauts)
 A = Elapsed time spent in this place.
 B = Non-inter-level travel time spent in this place.
 C = Inter-level travel time spent in this place.
 D = Time resting spent in this place.
 E = Time spent auto-exploring this place.
 F = Levels seen in this place.
 G = Mean time per level.
                   A        B        C        D        E       F      G
               +--------+--------+--------+--------+--------+-----+--------+
         Total |    275 |    275 |      0 |      0 |      0 |   1 |  275.0 |
       Dungeon |    275 |    275 |      0 |      0 |      0 |   1 |  275.0 |
               +--------+--------+--------+--------+--------+-----+--------+

Top non-repeatable levels by time:
     D:5: 275 daAuts
